 Dungeon Crawl Stone Soup version 0.28-a0-863-g8cecda6153 (webtiles) character file.

Game seed: 14513470310007519972

93 ytrimaz the Covered (level 4, 37/37 HPs)
             Began as a Formicid Fighter on Nov 17, 2021.
             Quit the game on level 3 of the Dungeon.
             The game lasted 00:02:39 (2127 turns).

ytrimaz the Covered (Formicid Fighter)              Turns: 2127, Time: 00:02:40

Health: 37/37      AC:  9    Str: 21    XL:     4   Next: 91%
Magic:  4/4        EV:  9    Int:  8    God:
Gold:   46         SH:  4    Dex: 10    Spells: 3/3 levels left

rFire   . . .      SeeInvis +   f - +2 rapier (drain)
rCold   . . .      Faith    .   c - +0 buckler
rNeg    . . .      Spirit   .   b - +0 scale mail
rPois   .          Reflect  .   (helmet unavailable)
rElec   .          Harm     .   (no cloak)
rCorr   .          Rampage  .   (no gloves)
Will    .....                   (no boots)
Stlth   ..........              (no amulet)
HPRegen 0.12/turn               (no ring)
MPRegen 0.09/turn               (no ring)

@: no status effects
A: permanent stasis, dig shafts and tunnels, antennae 3, four strong arms,
iridescent scales 1, no potion heal 1, inability to read while threatened
a: Dig, Shaft Self


You were on level 3 of the Dungeon.
You visited 1 branch of the dungeon, and saw 3 of its levels.

You collected 46 gold pieces.

Inventory:

Hand Weapons
 a - a +1 rapier
 f - a +2 rapier of draining (weapon)
Missiles
 h - 29 poisoned darts (quivered)
Armour
 b - a +0 scale mail (worn)
 c - a +0 buckler (worn)
Potions
 d - a potion of might
 e - a potion of curing {unknown}
 j - a potion of heal wounds {unknown}
 k - a potion of brilliance {unknown}
 l - a potion of lignification {unknown}


   Skills:
 + Level 3.7 Fighting
 * Level 3.9 Short Blades
 + Level 3.9 Armour
 - Level 3.6 Shields


You had 3 spell levels left.
You didn't know any spells.
Your spell library was empty.

Dungeon Overview and Level Annotations

Branches:
Dungeon (3/15)

Altars:


Innate Abilities, Weirdness & Mutations

You cannot be hasted, slowed, berserked, paralysed or teleported.
You can dig through walls and to a lower floor.
You have a pair of large antennae on your head. (SInv)
Your four strong arms can wield two-handed weapons with a shield.
You are partially covered in iridescent scales. (AC +2)
Potions are less effective at restoring your health.
You sometimes lose the ability to read scrolls when taking damage.


Message History

A hobgoblin is nearby!
A hobgoblin is nearby!
Found 8 gold pieces.
An adder comes into view.
The adder hisses angrily.
The hobgoblin misses you.
You hit the hobgoblin. You drain the hobgoblin.
The hobgoblin is heavily wounded.
The hobgoblin hits you but does no damage.
You hit the hobgoblin.
You kill the hobgoblin!
The adder bites you but does no damage.
You closely miss the adder. The adder barely misses you.
You hit the adder. You drain the adder.
The adder is moderately wounded.
The adder bites you but does no damage.
You barely miss the adder.
The adder is moderately wounded.
The adder bites you but does no damage. The adder bites you.
You miss the adder.
The adder is moderately wounded.
The adder closely misses you.
You closely miss the adder.
The adder is moderately wounded.
The adder barely misses you.
You hit the adder.
The adder is severely wounded.
The adder closely misses you. The adder bites you but does no damage.
You barely miss the adder.
The adder is severely wounded.
You block the adder's attack.
You hit the adder.
You kill the adder!
You feel a genetic drift.
You lose the ability to read scrolls when threatened.
You no longer feel a malignance within.
Found a stone staircase leading up.
Things that are here:
an adder corpse; a hobgoblin corpse Are you sure you want to abandon this character and quit the game? (Confirm with "yes".)

.. .. ##.### ... ....#
#.# . ####.#.## #.## ..
....... ... ... #.<#.#
#.# .... .
#.#.##.#.####.##..... .
..$....@............. .
#.#.#..#.####'#########.
#..#.# #............
#..#.# #...........#
...#.# #............
##.##.# #........†... #.
#.# #...###....[. #. #.#
#...# #...... #####
#.###..


There were no monsters in sight!

Vanquished Creatures
  4 adders
  A worm (D:2)
  A dart slug (D:1)
  A ball python (D:1)
  5 endoplasms
  2 giant cockroaches
  2 goblins
  6 hobgoblins
  4 jackals (D:1)
  3 quokkas
  6 bats
  2 frilled lizards (D:2)
  7 kobolds
  3 rats (D:1)
47 creatures vanquished.

Vanquished Creatures (others)
  3 plants (D:1)
3 creatures vanquished.

Grand Total: 50 creatures vanquished

Notes
Turn   | Place    | Note
-------+----------+-------------------------------------------
     0 | D:1      | ytrimaz the Formicid Fighter began the quest for the Orb.
     0 | D:1      | Reached XP level 1. HP: 18/18 MP: 1/1
   125 | D:1      | Reached XP level 2. HP: 18/24 MP: 2/2
   549 | D:1      | Reached XP level 3. HP: 23/29 MP: 3/3
   652 | D:1      | Found a faded altar of an unknown god.
  1111 | D:1      | Identified a scroll of acquirement
  1111 | D:1      | Acquired a +2 rapier of draining
  1311 | D:2      | Reached XP level 4. HP: 24/37 MP: 4/4
  1783 | D:2      | Gained mutation: You have hidden genetic defects. [potion
                  | of mutation]
  1783 | D:2      | Gained mutation: You are partially covered in iridescent
                  | scales. (AC +2) [potion of mutation]
  2079 | D:3      | Gained mutation: Potions are less effective at restoring
                  | your health. [hidden defects]
  2119 | D:3      | Gained mutation: You sometimes lose the ability to read
                  | scrolls when taking damage. [hidden defects]
  2119 | D:3      | Lost mutation: You have hidden genetic defects. [hidden
                  | defects expressed]
  2127 | D:3      | Quit the game

Illustrated notes

Levels and vault maps discovered:
D:1:      tarquinn_simple_flora_water_b, layout_loops_cross,
          shapermc_ecumenical_altar_mp_ritualfount
D:2:      layout_basic, fountainhead, serial_bayou_lake_a
D:3:      layout_basic, amcnicky_altar_gilded, uniq_jessica

Skill      XL: |  1  2  3 |
---------------+----------+-----
Short Blades   | 3 |  3.9
Fighting       | |  3.7
Armour         | |  3.9
Shields        | |  3.6

Action                   |  1- 3 |  4- 6 || total
-------------------------+-------+-------++-------
Melee: Rapier            |    96 |    50 ||   146
Throw: Dart              |     1 |       ||     1
  Use: Scroll            |     2 |     2 ||     4
       Potion            |       |     1 ||     1
Armor: Scale mail        |    65 |    29 ||    94
Dodge: Dodged            |    55 |    22 ||    77
Block: Buckler           |    35 |     8 ||    43

Table legend: (Time is in decaauts)
 A = Elapsed time spent in this place.
 B = Non-inter-level travel time spent in this place.
 C = Inter-level travel time spent in this place.
 D = Time resting spent in this place.
 E = Time spent auto-exploring this place.
 F = Levels seen in this place.
 G = Mean time per level.
                   A        B        C        D        E       F      G
               +--------+--------+--------+--------+--------+-----+--------+
         Total |   2151 |   2117 |     34 |      0 |   1681 |   3 |  717.0 |
       Dungeon |   2151 |   2117 |     34 |      0 |   1681 |   3 |  717.0 |
               +--------+--------+--------+--------+--------+-----+--------+

Top non-repeatable levels by time:
     D:1: 1139 daAuts
     D:2: 873 daAuts
     D:3: 139 daAuts
